 Dungeon Crawl Stone Soup version 0.31-a0-117-g42d8f58691 (webtiles) character file.

Game seed: 5433610762885234753

63919 Flugkiller the Warrior (level 15, -7/90 HPs)
             Began as a Vine Stalker Gladiator on May 30, 2023.
             Was a Believer of Uskayaw.
             Mangled by a spriggan defender simulacrum (12 damage)
             ... in an ice cave.
             The game lasted 00:22:06 (16162 turns).

Flugkiller the Warrior (Vine Stalker Gladiator)    Turns: 16162, Time: 00:22:07

Health: -7/90      AC:  8    Str: 18    XL:     15   Next: 11%
Magic:  0/24       EV: 27    Int: 11    God:    Uskayaw [**....]
Gold:   1457       SH:  0    Dex: 24    Spells: 18/18 levels left

rFire   . . .        o - +4 long sword
rCold   + + .        (no shield)
rNeg    . . .        D - +0 troll leather armour
rPois   .            L - +0 helmet
rElec   +            u - +0 cloak
rCorr   .            R - +1 pair of gloves
SInv    .            (no boots)
Will    +....        (no amulet)
Stlth   ++           k - ring "Bocraer" {rElec rC+ EV+5 Int+3 Dex+2}
HPRegen 1.95/turn    w - ring of protection from cold
MPRegen 0.19/turn

%: guardian spirit
@: no status effects
A: fangs 3, regeneration 1, magic shield, antimagic bite, no potion heal 2
a: Renounce Religion, Stomp, Line Pass


You were in an ice cave.
You worshipped Uskayaw.
Uskayaw was aware of your devotion.
You visited 3 branches of the dungeon, and saw 20 of its levels.
You also visited: Ice Cave.

You collected 1457 gold pieces.

Inventory:

Hand Weapons
 o - a +4 long sword (weapon)
   (You subdued it on level 14 of the Dungeon)
 A - a +2 great sword
   (You took it off a wight on level 10 of the Dungeon)
 X - a +0 long sword of freezing
   (You found it in an ice cave)
Missiles
 d - 9 throwing nets (quivered)
Armour
 b - a scarf of resistance
   (You found it on level 11 of the Dungeon)
 j - a +0 tower shield of cold resistance
   (You found it in an ice cave)
 r - +1 storm dragon scales
   (You found it in an ice cave)
 u - a +0 cloak (worn)
   (You found it on level 5 of the Dungeon)
 y - +0 steam dragon scales
   (You took it off Maggie on level 6 of the Dungeon)
 D - a +0 troll leather armour (worn)
   (You found it on level 7 of the Dungeon)
 L - a +0 helmet (worn)
 Q - a +0 buckler
   (You took it off a gnoll sergeant on level 9 of the Dungeon)
 R - a +1 pair of gloves (worn)
   (You found it on level 12 of the Dungeon)
Jewellery
 c - a ring of protection from cold
   (You found it on level 8 of the Dungeon)
 f - a ring of protection from fire
   (You found it on level 10 of the Dungeon)
 i - a ring of see invisible
   (You found it on level 2 of the Dungeon)
 k - the ring "Bocraer" (left hand) {rElec rC+ EV+5 Int+3 Dex+2}
   (You found it on level 2 of the Dungeon)

   [ring of evasion]

   EV:        It affects your evasion (+5).
   Int:       It affects your intelligence (+3).
   Dex:       It affects your dexterity (+2).
   rC:        It protects you from cold.
   rElec:     It insulates you from electricity.
 m - a ring of magical power
   (You found it on level 2 of the Dungeon)
 p - a +4 ring of protection
   (You took it off an orc warrior on level 7 of the Dungeon)
 w - a ring of protection from cold (right hand)
   (You found it on level 4 of the Lair of Beasts)
 G - a +6 ring of dexterity
   (You found it on level 7 of the Dungeon)
 H - a +6 ring of dexterity
   (You found it on level 7 of the Dungeon)
 W - an amulet of magic regeneration
   (You found it in an ice cave)
Wands
 g - a wand of acid (7)
   (You found it on level 7 of the Dungeon)
 I - a wand of digging (6)
   (You found it in an ice cave)
 K - a wand of mindburst (21)
   (You found it on level 7 of the Dungeon)
 P - a wand of paralysis (5)
   (You found it on level 5 of the Lair of Beasts)
Scrolls
 t - 3 scrolls of teleportation
 x - 3 scrolls of poison
 z - 2 scrolls of blinking
 B - 3 scrolls of amnesia
 C - a scroll of silence
 E - 3 scrolls of torment
 M - 2 scrolls of fog
 N - a scroll of brand weapon
 S - 2 scrolls of enchant weapon
 U - 4 scrolls of enchant armour
Potions
 e - 3 potions of cancellation
 h - 2 potions of haste
 l - 2 potions of mutation
 n - 3 potions of resistance
 q - 3 potions of curing
 s - 3 potions of lignification
 v - 2 potions of brilliance
 O - 3 potions of enlightenment
 T - 2 potions of attraction
 V - a potion of ambrosia
Miscellaneous
 F - a phantom mirror
   (You found it on level 7 of the Dungeon)
 J - a phial of floods
   (You found it on level 7 of the Dungeon)


   Skills:
 + Level 15.3 Fighting
 + Level 12.9 Long Blades
 - Level 1.7 Throwing
 + Level 11.8 Dodging
 - Level 2.0 Spellcasting
 + Level 11.5 Invocations
 - Level 3.0 Evocations


You had 18 spell levels left.
You didn't know any spells.
Your spell library contained the following spells:

 Spells                   Type           Power      Damage    Failure   Level
 Apportation              Tloc           2%         N/A       34%         1
 Beastly Appendage        Tmut           2%         N/A       34%         1
 Necrotise                Necr           4%         1d4       34%         1
 Summon Small Mammal      Summ           4%         N/A       34%         1
 Lesser Beckoning         Tloc           2%         N/A       45%         2
 Scorch                   Fire           2%         2d5       45%         2
 Static Discharge         Conj/Air       2%         2-3/arc   45%         2
 Sublimation of Blood     Necr           1%         N/A       45%         2
 Wereblood                Tmut           1%         N/A       45%         2
 Gell's Gravitas          Tloc           1%         N/A       71%         3
 Spider Form              Tmut/Pois      1%         N/A       71%         3
 Teleport Other           Tloc           1%         N/A       71%         3
 Airstrike                Air            0%         2d(1-17)  98%         4
 Flame Wave               Conj/Fire      1%         2d4       98%         4
 Olgreb's Toxic Radiance  Pois           1%         N/A       98%         4
 Petrify                  Tmut/Erth      1%         N/A       98%         4
 Summon Lightning Spire   Summ/Air       1%         N/A       98%         4
 Metabolic Englaciation   Hex/Ice        0%         N/A       100%        5
 Conjure Ball Lightning   Conj/Air       0%         3x3d6     100%        6
 Statue Form              Tmut/Erth      0%         N/A       100%        6
 Summon Cactus Giant      Summ           0%         N/A       100%        6
 Summon Hydra             Summ           0%         N/A       100%        7
 Discord                  Hex            0%         N/A       100%        8
 Disjunction              Tloc           0%         N/A       100%        8
 Ignition                 Fire           0%         3d3       100%        8


Dungeon Overview and Level Annotations

Branches:
Dungeon (14/15) Zot: 26824  Temple (1/1) D:6 Zot: 5836    Lair (5/5) D:8 Zot: 24948
  Swamp (0/4) Lair:2       Spider (0/4) Lair:2        Slime (0/5) Lair:4
    Orc (0/2) D:12          IceCv (1/1) Zot: 5678
 Vaults: D:13-14

Altars:
Ashenzari
Cheibriados
Dithmenos
Elyvilon
Fedhas
Gozag
Hepliaklqana
Kikubaaqudgha
Makhleb
Nemelex Xobeh
Okawaru
Qazlal
Ru
Sif Muna
Trog
Uskayaw
Vehumet
Wu Jian
Xom
Yredelemnul
Zin
The Shining One

Shops:
D:3 ?   D:4 =   D:5 (

Portals:
Trove: D:11 (give 4 potions of resistance)

Annotations:
D:5 1 runed translucent door, dungeonMaestro's ghost, novice TrFi
D:7 1 runed translucent door
Lair:1 2 runed translucent doors, MackTheKnife's ghost, novice VSBe
Lair:2 exclusion: oklob plant
Lair:3 exclusion: 4 oklob plants
Lair:4 exclusion: oklob plant
Lair:5 Rupert


Innate Abilities, Weirdness & Mutations

You have razor-sharp teeth.
Your natural rate of healing is unusually fast.
When hurt, damage is shared between your health and your magic reserves.
Your bite disrupts and absorbs the magic of your enemies.
Potions cannot restore your health.


Message History

There is a fountain of clear blue water here.
You see here a +0 long sword of freezing.
X - a +0 long sword of freezing Throw: 9 throwing nets
Press: ? - help, Q - select action, (/) - cycle Shift-Dir - straight line, f - you
Okay, then.
Unknown command.
You drop a +0 long sword.
There is a fountain of clear blue water here.
An ice devil and a minotaur simulacrum come into view.
A minotaur simulacrum and a lindwurm simulacrum come into view.
You slash the minotaur simulacrum! You bite the minotaur simulacrum!
You drain its power.
The minotaur simulacrum is severely damaged.
The minotaur simulacrum closely misses you.
The minotaur simulacrum completely misses you.
You slash the minotaur simulacrum!
The minotaur simulacrum vaporises!
You slash the ice devil! You bite the ice devil! You drain its power.
The ice devil is heavily wounded.
The ice devil closely misses you.
You can now pass through a line of other dancers.
You barely miss the ice devil. You bite the ice devil! You drain its power.
The ice devil is severely wounded.
The ice devil barely misses you.
You hit the ice devil but do no damage. You bite the ice devil!
You drain its power.
The ice devil is almost dead.
The ice devil hits you but does no damage.
Uskayaw will force your foes to helplessly watch your dance.
Uskayaw prepares the audience for your solo!
The helpless ice devil fails to defend itself.
You slash the ice devil!
You kill the ice devil!
The minotaur simulacrum is no longer paralysed.
The lindwurm simulacrum is no longer paralysed.
You hit the lindwurm simulacrum. You bite the lindwurm simulacrum.
You drain its power.
The lindwurm simulacrum is moderately damaged.
You slash the lindwurm simulacrum! You bite the lindwurm simulacrum!
The lindwurm simulacrum vaporises!
You slash the minotaur simulacrum!
You bite the minotaur simulacrum, but do no damage.
The minotaur simulacrum is moderately damaged.
You barely miss the minotaur simulacrum.
The minotaur simulacrum is moderately damaged.
The minotaur simulacrum hits you! The minotaur simulacrum freezes you!
You resist.
The minotaur simulacrum completely misses you.
You hit the minotaur simulacrum but do no damage.
You bite the minotaur simulacrum, but do no damage.
The minotaur simulacrum is moderately damaged.
You slice the minotaur simulacrum!! You bite the minotaur simulacrum!
You drain its power.
You feel invigorated.
The minotaur simulacrum is almost destroyed.
The minotaur simulacrum hits you! The minotaur simulacrum freezes you!
You resist.
The minotaur simulacrum completely misses you.
You slash the minotaur simulacrum!
The minotaur simulacrum vaporises!
A spriggan defender simulacrum comes into view.
A spriggan defender simulacrum comes into view.
You slash the spriggan defender simulacrum!
You bite the spriggan defender simulacrum.
You drain its power.
You feel invigorated.
The spriggan defender simulacrum is moderately damaged.
The spriggan defender simulacrum barely misses you.
Uskayaw will force your foes to helplessly watch your dance.
You miss the spriggan defender simulacrum.
You bite the spriggan defender simulacrum!
You drain its power.
The spriggan defender simulacrum is severely damaged.
The spriggan defender simulacrum misses you.
The spriggan defender simulacrum hits you!
The spriggan defender simulacrum freezes you!
You resist.
You stomp with the beat, sending a shockwave through the revellers around you!
The spriggan defender simulacrum is heavily damaged.
The spriggan defender simulacrum is almost destroyed.
The spriggan defender simulacrum hits you!
The spriggan defender simulacrum freezes you.
You resist.
The spriggan defender simulacrum completely misses you.
The spriggan defender simulacrum hits you!!
The spriggan defender simulacrum freezes you.
You resist.
Uskayaw will force your foes to helplessly watch your dance.
You stomp with the beat, sending a shockwave through the revellers around you!
The spriggan defender simulacrum is severely damaged.
The spriggan defender simulacrum vaporises!
The spriggan defender simulacrum hits you!!
* * * LOW HITPOINT WARNING * * *
The spriggan defender simulacrum freezes you!
You resist.
* * * LOW HITPOINT WARNING * * *
The spriggan defender simulacrum hits you!
* * * LOW HITPOINT WARNING * * *
The spriggan defender simulacrum freezes you!
You resist.
You die...

##...####.#.#####...#.####
####...####...#
##..#....###
.####...##.⌠.##
##.#..#...###
..###..##...##
##..####...###
...##..###†.# ######
###...## ..##..####..#
###....### ###...
.##....#...#####..###...#
#..# ####.#....## #...##
###.# ###. # ########
##Z@# #...#########
#...○## #.....[..##.. #
##..# ##...⌠...###. # ...#
##...).##..# # #.#.#
#####...### # #≈ ##### #


You could see a spriggan defender simulacrum.

Vanquished Creatures
  A rakshasa (D:13)
  A hydra (Lair:3)
  3 boulder beetles
  A death knight (D:14)
  A centaur warrior (D:13)
  2 anacondas (Lair:4)
  A dancing weapon (D:14)
  6 two-headed ogres
  3 death yaks (D:7)
  Urug (Lair:4)
  4 skysharks
  A skeletal warrior (D:14)
  A bog body (IceCv)
  A lindwurm (Lair:4)
  6 spriggan simulacra (IceCv)
  A manticore (D:12)
  A deep elf pyromancer (D:13)
  A manticore (shapeshifter) (D:14)
  5 elephants (Lair:4)
  11 black mambas
  Maurice (D:9)
  4 gargoyles
  Maggie (D:6)
  12 cane toads
  10 komodo dragons
  A kobold demonologist (D:10)
  6 rime drakes
  2 freezing wraiths (IceCv)
  4 ice devils (IceCv)
  7 trolls
  Grinder (D:4)
  2 polar bears
  13 blink frogs
  A hornet (D:9)
  A hornet (shapeshifter) (D:13)
  A slime creature (D:7)
  A jumping spider (shapeshifter) (D:13)
  3 wraiths
  7 wyverns
  3 shadows
  Eustachio (D:5)
  2 culicivoras (Lair:2)
  2 vampires
  4 steam dragons
  66 yaks
  2 basilisks
  7 vampire mosquitoes
  3 minotaur simulacra (IceCv)
  An acid dragon (D:10)
  18 water moccasins
  5 orc warriors
  A swamp drake (Lair:5)
  2 black bears (Lair:2)
  A sky beast (D:7)
  An alligator simulacrum (IceCv)
  12 wolves
  An ogre (D:4)
  5 centaurs
  A phantom (D:5)
  2 kobold brigands
  10 bullfrogs
  2 gnoll sergeants
  A scorpion (D:4)
  5 deep troll simulacra (IceCv)
  6 wights
  A lindwurm simulacrum (IceCv)
  16 killer bees
  2 howler monkeys
  2 electric eels (Lair:2)
  A quasit (D:6)
  7 orc priests
  2 hounds
  5 orc wizards
  4 iguanas
  23 gnolls
  A river rat (D:8)
  7 adders
  2 shadow imps (D:6)
  5 white imps
  3 ufetubi (D:6)
  A worm (D:4)
  3 dart slugs
  28 orcs
  10 bats
  14 endoplasms
  3 giant cockroaches
  5 hobgoblins
  4 jackals (D:5)
  15 kobolds
  3 quokkas
  6 ball pythons
  4 frilled lizards
  7 goblins
  7 rats
485 creatures vanquished.

Vanquished Creatures (collateral kills)
  A bunyip (shapeshifter) (D:9)
  2 hydras
  A culicivora (Lair:2)
  A bullfrog (Lair:2)
5 creatures vanquished.

Grand Total: 490 creatures vanquished

Notes
Turn   | Place    | Note
-------+----------+-------------------------------------------
     0 | D:1      | Flugkiller the Vine Stalker Gladiator began the quest for
                  | the Orb.
     0 | D:1      | Reached XP level 1. HP: 11/11 MP: 2/2
    83 | D:1      | Reached skill level 2 in Fighting
    83 | D:1      | Reached XP level 2. HP: 15/15 MP: 3/3
   313 | D:1      | Reached skill level 1 in Spellcasting
   641 | D:1      | Reached XP level 3. HP: 18/18 MP: 5/5
   814 | D:2      | Identified the ring "Bocraer" {rElec rC+ EV+5 Int+3 Dex+2}
  1216 | D:2      | Gained mutation: Your natural rate of healing is unusually
                  | fast. [Vine Stalker growth]
  1216 | D:2      | Reached XP level 4. HP: 10/23 MP: 7/7
  1824 | D:3      | Found a basalt altar of Yredelemnul.
  1977 | D:4      | Reached XP level 5. HP: 24/27 MP: 9/9
  2010 | D:4      | Found a shimmering blue altar of Sif Muna.
  2055 | D:4      | Reached skill level 3 in Fighting
  2143 | D:4      | Noticed an ogre
  2160 | D:4      | Killed an ogre
  2161 | D:4      | Reached XP level 6. HP: 17/32 MP: 6/10
  2486 | D:3      | Found Werresea's Magic Scroll Emporium.
  2574 | D:3      | Reached XP level 7. HP: 32/37 MP: 11/11
  3040 | D:4      | Noticed Grinder
  3040 | D:4      | Paralysed by Grinder for 5 turns
  3061 | D:4      | Killed Grinder
  3062 | D:4      | Reached skill level 4 in Fighting
  3124 | D:4      | Reached skill level 5 in Long Blades
  3515 | D:4      | Found Roirch's Jewellery Shop.
  3540 | D:4      | Found a shimmering altar of Xom.
  3686 | D:5      | Entered Level 5 of the Dungeon
  3731 | D:5      | Gained mutation: You have razor-sharp teeth. [Vine Stalker
                  | growth]
  3731 | D:5      | Reached XP level 8. HP: 37/42 MP: 12/12
  3759 | D:5      | Identified a scroll of acquirement
  3982 | D:5      | Found Behyghimy's Antique Weapon Shoppe.
  3999 | D:5      | Noticed Eustachio
  4010 | D:5      | Killed Eustachio
  4011 | D:5      | Reached skill level 5 in Fighting
  4011 | D:5      | Reached skill level 5 in Dodging
  4102 | D:5      | Found a runed translucent door.
  4598 | D:5      | Noticed dungeonMaestro's ghost (novice TrFi)
  4679 | D:6      | Noticed Maggie
  4705 | D:6      | Killed Maggie
  4858 | D:6      | Found a staircase to the Ecumenical Temple.
  4860 | D:6      | You fall into a shaft and drop 1 floor!
  4878 | D:6      | Reached skill level 6 in Fighting
  4878 | D:6      | Reached XP level 9. HP: 47/48 MP: 13/13
  4940 | Temple   | Entered the Ecumenical Temple
  5084 | Temple   | Became a worshipper of Uskayaw the Reveller
  5223 | D:6      | Found a glowing silver altar of Zin.
  5224 | D:6      | Found a white marble altar of Elyvilon.
  5332 | D:6      | Acquired a manual of Fighting
  5350 | D:7      | Reached * piety under Uskayaw
  5351 | D:7      | Reached ** piety under Uskayaw
  5386 | D:7      | Reached *** piety under Uskayaw
  5402 | D:7      | Reached **** piety under Uskayaw
  5405 | D:7      | Reached skill level 7 in Fighting
  5421 | D:7      | Noticed a two-headed ogre
  5430 | D:7      | Noticed a gargoyle
  5714 | D:7      | Identified the +0 robe of Weirph {Dex+3}
  5750 | D:7      | Noticed a troll
  5771 | D:7      | Killed a troll
  5771 | D:7      | Reached ***** piety under Uskayaw
  5772 | D:7      | Reached skill level 8 in Fighting
  5844 | D:7      | Killed a two-headed ogre
  5845 | D:7      | Reached skill level 1 in Invocations
  5845 | D:7      | Reached skill level 1 in Evocations
  5845 | D:7      | Reached XP level 10. HP: 38/57 MP: 14/14
  5916 | D:7      | Found a runed translucent door.
  5923 | D:7      | Noticed a two-headed ogre
  5929 | D:7      | Killed a two-headed ogre
  5930 | D:7      | Reached skill level 9 in Fighting
  6039 | D:7      | Killed a gargoyle
  6282 | D:8      | Noticed a death yak
  6428 | D:8      | Found a stormy altar of Qazlal.
  6687 | D:8      | Found a broken altar of Ashenzari.
  6744 | D:8      | Noticed a death yak
  6744 | D:8      | Noticed a death yak
  6794 | D:7      | Killed a death yak
  6816 | D:7      | Killed a death yak
  6817 | D:7      | Reached skill level 10 in Fighting
  6817 | D:7      | Reached XP level 11. HP: 33/63 MP: 10/15
  6882 | D:7      | Killed a death yak
  6925 | D:8      | Found a staircase to the Lair.
  7214 | D:9      | Noticed Maurice
  7233 | D:9      | Killed Maurice
  7239 | D:9      | Reached skill level 5 in Invocations
  7247 | D:9      | Found an iron altar of Okawaru.
  7249 | D:9      | Noticed a two-headed ogre
  7396 | D:9      | Killed a two-headed ogre
  7576 | D:9      | Noticed a bunyip
  7585 | D:9      | Killed a bunyip
  7586 | D:9      | Reached skill level 11 in Fighting
  7720 | D:9      | Reached ****** piety under Uskayaw
  8155 | D:10     | Entered Level 10 of the Dungeon
  8168 | D:10     | Noticed a sun demon
  8386 | D:10     | Noticed a two-headed ogre
  8390 | D:10     | Noticed a two-headed ogre
  8402 | D:10     | Killed a two-headed ogre
  8408 | D:10     | Reached XP level 12. HP: 71/71 MP: 17/17
  8413 | D:10     | Killed a two-headed ogre
  8456 | D:10     | Reached skill level 12 in Fighting
  9122 | D:11     | Reached skill level 10 in Long Blades
  9182 | D:11     | Found a portal to a secret trove of treasure.
  9401 | Lair:1   | Entered Level 1 of the Lair of Beasts
  9575 | Lair:1   | Noticed a six-headed hydra
  9658 | Lair:1   | Found a large runed translucent door.
  9658 | Lair:1   | Found a large runed translucent door.
  9727 | Lair:1   | Noticed MackTheKnife's ghost (novice VSBe)
  9802 | Lair:1   | Noticed a boulder beetle
  9824 | Lair:1   | Killed a boulder beetle
  9825 | Lair:1   | Reached skill level 13 in Fighting
 10156 | Lair:2   | Found a staircase to the Swamp.
 10321 | Lair:2   | Noticed a skyshark
 10330 | Lair:2   | Killed a skyshark
 10542 | Lair:2   | Killed a six-headed hydra
 10543 | Lair:2   | Reached XP level 13. HP: 77/77 MP: 20/20
 10576 | Lair:2   | You fall into a shaft and drop 2 floors!
 10602 | Lair:4   | Reached skill level 10 in Dodging
 10630 | Lair:4   | Found a staircase to the Slime Pits.
 10822 | Lair:4   | Noticed Urug
 10856 | Lair:4   | Reached skill level 14 in Fighting
 11709 | Lair:2   | Found a hole to the Spider Nest.
 12907 | Lair:4   | Killed Urug
 13015 | Lair:4   | Reached XP level 14. HP: 84/84 MP: 22/22
 13050 | Lair:4   | Reached skill level 10 in Invocations
 13494 | Lair:5   | Entered Level 5 of the Lair of Beasts
 14079 | Lair:5   | Noticed Rupert
 14082 | Lair:5   | Paralysed by Rupert for 5 turns
 14296 | Lair:5   | Paralysed by Rupert for 2 turns
 14845 | D:12     | Found a staircase to the Orcish Mines.
 14901 | D:12     | Reached skill level 15 in Fighting
 15848 | D:14     | Found a frozen archway.
 15854 | IceCv    | Entered an ice cave
 15919 | IceCv    | Reached XP level 15. HP: 36/90 MP: 15/24
 15983 | IceCv    | HP: 2/90 [spriggan defender simulacrum (6)]
 16162 | IceCv    | Mangled by a spriggan defender simulacrum

Illustrated notes

Levels and vault maps discovered:
D:1:      dpeg_arrival_rhombus, layout_basic, minivault_23,
          grunt_decor_one_mirror, minmay_tromino_v7
D:2:      layout_loops_ring
D:3:      layout_basic, nicolae_overflow_hidden_temple, serial_shops,
          nicolae_shop_back_alley_shop
D:4:      layout_basic, kennysheep_little_box, lemuel_tele_altar, serial_shops,
          shop, st_stairs_6, eino_tiny_chamber, uniq_grinder
D:5:      layout_basic, ebering_ghost_reflecting_pool, serial_shops, shop,
          uniq_eustachio
D:6:      layout_basic, mainiacjoe_overflow_divided_tiny,
          minmay_temple_entry_purple_smoke, serial_demonic, serial_demonic_c,
          serial_demonic_a, serial_demonic_c, serial_demonic_a,
          hangedman_abyss_or_decor_stabs, uniq_maggie
D:7:      minmay_the_grid_triangle_9x9_recursive_2
          [minmay_the_grid_triangle_9x9_prize_top_heavy,
          minmay_the_grid_triangle_9x9_longest,
          minmay_the_grid_triangle_9x9_subtriangle,
          minmay_the_grid_triangle_9x9_negative_grid], layout_rooms
D:8:      layout_basic, mainiacjoe_overflow_alcove_4,
          mainiacjoe_overflow_concentric_impassable, dpeg_lair_monsters,
          hangedman_decor_growths
D:9:      layout_irregular_city, mainiacjoe_overflow_small_starburst,
          uniq_maurice
D:10:     layout_roguey, minmay_between
D:11:     layout_big_octagon, nicolae_trove_entry_columns
D:12:     layout_basic, david_orc_2
D:13:     layout_basic
D:14:     layout_basic, erik_vaults_1, serial_shops, nicolae_shop_hallway_plus,
          grunt_gozag_breadcrumbs, portal_ice_cave_entry_dragon,
          gauntlet_entry_generic, minmay_starry_boxes, uniq_azrael
Temple:   nicolae_temple_superstar
Lair:1:   layout_gridlike, ebering_ghost_disaster_area,
          infiniplex_staircase_pool_2
Lair:2:   minmay_lair_oklob_tunnel, layout_regular_city, swamp_mist_pool,
          hellmonk_spider_entry_life_and_decay, minivault_26,
          nicolae_lair_lil_pond, fungi_pond_lemuel, beast_lair_carwin_3,
          lemuel_fruit_tree
Lair:3:   minmay_lair_oklob_chamber, layout_layer_cave
Lair:4:   beast_lair_carwin_large_4, layout_regular_city, slime_entry_1,
          minmay_lindwurm_lava, uniq_urug
Lair:5:   guppyfry_lair_end_dragon, layout_misc_corridors, uniq_rupert
IceCv:    ice_cave_caverns_02

Skill      XL: |  1  2  3  4  5  6  7  8  9 10 11 12 13 14 |
---------------+-------------------------------------------+-----
Fighting       | 2 3 4 6 8 10 11 13 14 15 | 15.3
Spellcasting   | 1 2 |  2.0
Long Blades    | 3 4 5 6 7 8 9 10 11 12 | 12.9
Dodging        | 3 4 5 7 8 9 10 11 | 11.8
Invocations    | 1 4 6 8 9 11 | 11.5
Evocations     | 1 3 |  3.0
Throwing       | |  1.7

Action                     |  1- 3 |  4- 6 |  7- 9 | 10-12 | 13-15 || total
---------------------------+-------+-------+-------+-------+-------++-------
  Melee: Long sword        |    83 |   143 |   274 |   430 |   123 ||  1053
         Bite              |    21 |    36 |    88 |   231 |   292 ||   668
         Punch             |       |     1 |     9 |    12 |     4 ||    26
         Great sword       |       |       |       |   123 |   568 ||   691
  Throw: Throwing net      |       |       |     1 |       |       ||     1
 Invoke: Stomp             |       |       |       |     3 |    11 ||    14
         Line Pass         |       |       |       |     1 |     4 ||     5
  Evoke: Wand              |       |       |     1 |     2 |    10 ||    13
         Phantom mirror    |       |       |       |     2 |     2 ||     4
    Use: Scroll            |       |     3 |     6 |    11 |    15 ||    35
         Potion            |       |     1 |       |     1 |     3 ||     5
   Stab: Sleeping          |       |     2 |     5 |     2 |     1 ||    10
         Distracted        |       |       |     1 |     1 |     2 ||     4
         Paralysed         |       |       |     8 |    38 |    61 ||   107
         Invisible         |       |       |       |       |     8 ||     8
         Confused          |       |       |       |       |     3 ||     3
 Armour: Leather armour    |    23 |    20 |    11 |       |       ||    54
         Steam dragon scal |       |       |    30 |       |       ||    30
         Troll leather arm |       |       |     1 |   105 |   150 ||   256
  Dodge: Dodged            |    73 |   182 |   312 |   704 |  1039 ||  2310

Table legend: (Time is in decaauts)
 A = Elapsed time spent in this place.
 B = Non-inter-level travel time spent in this place.
 C = Inter-level travel time spent in this place.
 D = Time resting spent in this place.
 E = Time spent auto-exploring this place.
 F = Levels seen in this place.
 G = Mean time per level.
                   A        B        C        D        E       F      G
               +--------+--------+--------+--------+--------+-----+--------+
         Total |  16344 |  15244 |   1100 |   1398 |   9508 |  21 |  778.3 |
       Dungeon |  10809 |  10017 |    792 |    830 |   6562 |  14 |  772.1 |
        Temple |    163 |    115 |     48 |      0 |    100 |   1 |  163.0 |
          Lair |   5051 |   4791 |    260 |    553 |   2846 |   5 | 1010.2 |
      Ice Cave |    320 |    320 |      0 |     15 |      0 |   1 |  320.0 |
               +--------+--------+--------+--------+--------+-----+--------+

Top non-repeatable levels by time:
  Lair:3: 1329 daAuts
     D:4: 1143 daAuts
  Lair:4: 1076 daAuts
     D:9: 1026 daAuts
  Lair:1: 1022 daAuts
     D:3: 965 daAuts
     D:5: 939 daAuts
     D:7: 933 daAuts
    D:10: 890 daAuts
     D:8: 865 daAuts
     D:2: 864 daAuts
  Lair:2: 833 daAuts
  Lair:5: 789 daAuts
     D:1: 774 daAuts
     D:6: 706 daAuts
